 Dungeon Crawl Stone Soup version 0.29.1-12-g30fa7ad0bf (webtiles) character file.

Game seed: 157184310041163653

218 warriortoast the Shooter (level 5, 0/28 HPs)
             Began as a Spriggan Hunter on Dec 12, 2022.
             Killed by nerve-wracking pain
             ... invoked by an orc priest
              (3 damage)
             ... on level 6 of the Dungeon.
             The game lasted 00:03:05 (2038 turns).

warriortoast the Shooter (Spriggan Hunter)          Turns: 2038, Time: 00:03:06

Health: 0/28       AC:  2    Str:  7    XL:     5   Next: 63%
Magic:  6/6        EV: 20    Int: 10    God:
Gold:   82         SH:  0    Dex: 21    Spells: 4/4 levels left

rFire   . . .      SeeInvis +   a - +0 shortbow
rCold   . . .      Faith    .   (shield currently unavailable)
rNeg    . . .      Spirit   .   c - +0 robe
rPois   .          Reflect  .   (helmet restricted)
rElec   .          Harm     .   (no cloak)
rCorr   .          Rampage  .   (gloves unavailable)
Will    .....                   (boots unavailable)
Stlth   +.........              (no amulet)
HPRegen 0.09/turn               (no ring)
MPRegen 0.10/turn               (no ring)

@: confused, very quick
A: very small, no large weapons, unfitting armour, see invisible, speed 3
a: no special abilities


You were on level 6 of the Dungeon.
You visited 1 branch of the dungeon, and saw 4 of its levels.

You collected 82 gold pieces.

Inventory:

Hand Weapons
 a - a +0 shortbow (weapon)
Armour
 c - a +0 robe (worn)
Scrolls
 b - a scroll of immolation
 e - 3 scrolls of poison {unknown}
 f - 2 scrolls of butterflies {unknown}
 g - 5 scrolls of identify {unknown}
 h - 2 scrolls of magic mapping {unknown}
 i - a scroll of vulnerability {unknown}
 q - 2 scrolls of summoning {unknown}
Potions
 d - a potion of berserk rage {unknown}
 j - 2 potions of ambrosia {unknown}
 k - a potion of might {unknown}
 l - 2 potions of degeneration {unknown}
 m - 3 potions of lignification {unknown}
 n - a potion of resistance {unknown}
 o - a potion of attraction {unknown}
 p - a potion of heal wounds {unknown}
 r - a potion of flight {unknown}
 s - a potion of mutation {unknown}


   Skills:
 + Level 2.8 Fighting
 + Level 4.8 Ranged Weapons
 + Level 4.5 Dodging
 + Level 4.5 Stealth


You had 4 spell levels left.
You didn't know any spells.
Your spell library contained the following spells:

 Spells                   Type           Power      Damage    Failure   Level
 Blink                    Tloc           0%         N/A       50%         2
 Lesser Beckoning         Tloc           0%         N/A       75%         3
 Summon Guardian Golem    Hex/Summ       0%         N/A       75%         3
 Manifold Assault         Tloc           0%         N/A       100%        5
 Orb of Destruction       Conj           0%         9d5       100%        7
 Spellforged Servitor     Conj/Summ      0%         N/A       100%        7


Dungeon Overview and Level Annotations

Branches:
Dungeon (6/15)
 Temple: D:4-7

Altars:


Innate Abilities, Weirdness & Mutations

You are very small and have problems with some larger weapons.
You are too small for most types of armour.
You have supernaturally acute eyesight. (SInv)
You cover ground extremely quickly. (Speed+++)


Message History

An orc wizard comes into view. It is wielding a +0 dagger.
You shoot an arrow. The arrow hits the orc wizard.
The orc wizard shouts!
The orc wizard is moderately wounded.
An orc wizard comes into view. It is wielding a +0 dagger.
You shoot an arrow. The orc wizard shouts!
The arrow hits the orc wizard!
The orc wizard is severely wounded.
You shoot an arrow.
The arrow closely misses the orc wizard.
An orc priest comes into view. It is wielding a +0 dagger.
You shoot an arrow. The orc priest shouts!
The arrow hits the orc wizard.
You kill the orc wizard!
You shoot an arrow. The arrow barely misses the orc wizard.
You shoot an arrow.
The arrow closely misses the orc wizard.
The orc priest invokes the aid of Beogh against you.
Beogh smites you!
An orc comes into view. It is wielding a +0 mace.
You shoot an arrow.
The arrow hits the orc wizard but does no damage.
The orc wizard hits you but does no damage.
You shoot an arrow.
The arrow closely misses the orc wizard.
The orc wizard hits you with a +0 dagger.
You are too injured to fight recklessly!
You are too injured to fight recklessly!
The orc wizard points at you and mumbles some strange words.
You are confused.
The orc wizard casts a spell at you. The magic dart hits you!
* * * LOW HITPOINT WARNING * * *
You bump into the rock wall.
You closely miss the orc priest.
The orc priest invokes the aid of Beogh against you.
Pain shoots through your body!
You die...

# ..#####.# #
........# #
....^...####### #
..........).o.. # #..#
# ############o.##
######.........#....#
...#...........#oo..#
##.#.........).#@.#.#
##.#...####.........#
.......##.+...##..###
##..#####.#..)##..#..
##..................
##.......#..#.##...#
........###.#.##.....
.....(..#.........#.#.
........#.###..#.####


You could see an orc priest, an orc wizard and an orc.

Vanquished Creatures
  An ogre (D:6)
  An orc wizard (D:6)
  Natasha (D:3)
  2 adders
  A gnoll (D:6)
  A worm (D:2)
  2 dart slugs
  An orc (D:3)
  3 ball pythons
  5 bats
  An endoplasm (D:2)
  2 giant cockroaches
  2 goblins
  4 hobgoblins (D:1)
  8 jackals
  5 kobolds
  2 quokkas
  2 frilled lizards
  5 rats
49 creatures vanquished.

Notes
Turn   | Place    | Note
-------+----------+-------------------------------------------
     0 | D:1      | warriortoast the Spriggan Hunter began the quest for the
                  | Orb.
     0 | D:1      | Reached XP level 1. HP: 10/10 MP: 2/2
   152 | D:1      | Found a faded altar of an unknown god.
   199 | D:1      | Reached XP level 2. HP: 15/15 MP: 3/3
   584 | D:2      | Reached XP level 3. HP: 18/18 MP: 4/4
  1647 | D:3      | Reached XP level 4. HP: 20/23 MP: 5/5
  1903 | D:3      | Noticed Natasha
  1909 | D:3      | Killed Natasha
  1910 | D:3      | You fall into a shaft and drop 3 floors!
  1971 | D:6      | Noticed an ogre
  2013 | D:6      | Killed an ogre
  2014 | D:6      | Reached XP level 5. HP: 27/27 MP: 6/6
  2038 | D:6      | Killed from afar by an orc priest

Illustrated notes

Levels and vault maps discovered:
D:1:      nicolae_arrival_memento_mori, layout_rooms,
          shapermc_ecumenical_altar_totnotflames
D:2:      layout_basic
D:3:      layout_basic, hangedman_decor_push, nrook_uturn, glass_columns_c,
          uniq_sigmund, uniq_natasha
D:6:      layout_basic

Skill      XL: |  1  2  3  4 |
---------------+-------------+-----
Stealth        | 2 3 4 |  4.5
Dodging        | 3 4 |  4.5
Fighting       | 2 |  2.8
Ranged Weapons | |  4.8

Action                   |  1- 3 |  4- 6 || total
-------------------------+-------+-------++-------
Melee: Shortbow          |       |     1 ||     1
 Fire: Shortbow          |   124 |    28 ||   152
Armor: Robe              |     6 |     1 ||     7
Dodge: Dodged            |    45 |     3 ||    48
